 Dungeon Crawl Stone Soup version 0.27-a0-901-g8736458e1e (webtiles) character file.

Game seed: 18193550964570108029

140 DarkShadow the Covered (level 5, -1/47 HPs)
             Began as a Minotaur Fighter on Apr 6, 2021.
             Slain by an ufetubus (3 damage)
             ... summoned by Eustachio
             ... on level 4 of the Dungeon.
             The game lasted 00:06:08 (3316 turns).

DarkShadow the Covered (Minotaur Fighter)           Turns: 3316, Time: 00:06:09

Health: -1/47      AC: 12    Str: 21    XL:     5   Next: 2%
Magic:  4/4        EV:  4    Int:  5    God:
Gold:   108        SH: 10    Dex: 16    Spells: 4/4 levels left

rFire    . . .     SeeInvis .   a - +1 war axe
rCold    . . .     Faith    .   c - +0 kite shield
rNeg     . . .     Spirit   .   l - +0 plate armour
rPois    .         Reflect  .   (helmet restricted)
rElec    .         Harm     .   (no cloak)
rCorr    .         Rampage  .   (no gloves)
Will     .....                  (no boots)
Stlth    ..........             (no amulet)
HPRegen  0.15/turn              i - +6 ring of dexterity
MPRegen  0.09/turn              (no ring)

@: no status effects
A: horns 2, retaliatory headbutt
a: no special abilities


You were on level 4 of the Dungeon.
You visited 1 branch of the dungeon, and saw 4 of its levels.

You collected 108 gold pieces.

Inventory:

Hand Weapons
 a - a +1 war axe (weapon)
Missiles
 k - 2 throwing nets (quivered)
Armour
 b - a +0 scale mail
 c - a +0 kite shield (worn)
 l - a +0 plate armour (worn)
Jewellery
 i - a +6 ring of dexterity (left hand)
Wands
 j - a wand of digging (6)
Scrolls
 f - a scroll of immolation
 g - a scroll of fog
 n - a scroll of identify {unknown}
Potions
 d - a potion of might
 e - 4 potions of lignification {unknown}
 h - a potion of berserk rage {unknown}
 m - 2 potions of brilliance {unknown}


   Skills:
 + Level 4.6 Fighting
 + Level 4.1 Axes
 + Level 4.7 Armour
 + Level 0.5 Dodging
 + Level 4.1 Shields


You had 4 spell levels left.
You didn't know any spells.
Your spell library contained the following spells:

 Spells                   Type           Power      Damage    Failure   Level
 Animate Skeleton         Necr           0%         N/A       100%        1
 Apportation              Tloc           0%         N/A       100%        1
 Corona                   Hex            0%         N/A       100%        1
 Magic Dart               Conj           0%         1d3       100%        1
 Summon Small Mammal      Summ           0%         N/A       100%        1
 Blink                    Tloc           N/A        N/A       100%        2
 Call Imp                 Summ           0%         N/A       100%        2
 Slow                     Hex            0%         N/A       100%        2
 Conjure Flame            Conj/Fire      0%         6-21      100%        3
 Mephitic Cloud           Conj/Pois/Air  0%         N/A       100%        3


Dungeon Overview and Level Annotations

Branches:
Dungeon (4/15)
 Temple: D:4-7

Altars:
Makhleb
Trog

Annotations:
D:4 Eustachio


Innate Abilities, Weirdness & Mutations

You have a pair of horns on your head.
You reflexively headbutt those who attack you in melee.


Message History

Eustachio blinks!
The bat hits you but does no damage. x2
You block the bat's attack. The bat hits you but does no damage.
You block the river rat's attack.
The white imp shouts, "Quit, thou paunchy bat-fowling reprobate!"
Eustachio casts a spell.
The bat hits you but does no damage. You block the bat's attack.
The bat hits you but does no damage. x2
The ufetubus barely misses you. You block the ufetubus's attack.
Eustachio hits you but does no damage. The bat hits you but does no damage.
Found 26 bolts.
You miss Eustachio.
Eustachio is severely wounded.
You barely miss the bat. You closely miss the river rat. You slash the bat!
You kill the bat!
The bat's corpse disappears in a puff of smoke!
Your shield and plate armour prevent you from hitting the ufetubus.
You completely miss the shadow imp.
The white imp disappears in a puff of smoke! x2
You block the bat's attack.
The ufetubus hits you but does no damage. x2
You block the river rat's attack. Eustachio hits you but does no damage.
You are electrocuted!
* * * LOW HITPOINT WARNING * * *
The shadow imp hits you but does no damage.
You miss Eustachio. Your headbutt misses Eustachio.
Eustachio is severely wounded.
You closely miss the shadow imp. You hit the iron imp.
You closely miss the river rat. You closely miss the bat.
You block the bat's attack. Eustachio hits you but does no damage.
The ufetubus barely misses you. You block the ufetubus's attack.
You block the shadow imp's attack. The river rat bites you.
* * * LOW HITPOINT WARNING * * *
The bat barely misses you. The iron imp completely misses you.
The river rat completely misses you.
Eustachio casts a spell.
The ufetubus hits you.
* * * LOW HITPOINT WARNING * * *
The ufetubus hits you.
You die...

+..............#
#..............#
.
###...##########
..######+####...#
.......(........#
................#
..........†§....#
...........§rr5.#
...........§b@5.+
######....###@5.#
###### #b..#
r..r# ....#
.....# .....#
..(...+


You could see Eustachio, an iron imp (summoned), 3 river rats, a shadow imp
(summoned), an ufetubus (summoned), 2 bats and a rat (summoned).

Vanquished Creatures
  Jessica (D:2)
  6 adders
  A worm (D:3)
  6 ball pythons
  2 endoplasms (D:3)
  2 giant cockroaches
  5 hobgoblins
  6 jackals (D:2)
  3 quokkas
  5 bats
  2 frilled lizards
  9 goblins
  4 kobolds
  4 rats
56 creatures vanquished.

Notes
Turn   | Place    | Note
-------+----------+-------------------------------------------
     0 | D:1      | DarkShadow the Minotaur Fighter began the quest for the
                  | Orb.
     0 | D:1      | Reached XP level 1. HP: 19/19 MP: 0/0
   740 | D:1      | Reached XP level 2. HP: 27/27 MP: 1/1
   963 | D:2      | Noticed Jessica
   969 | D:2      | Killed Jessica
   970 | D:2      | Reached XP level 3. HP: 33/33 MP: 2/2
  1020 | D:2      | You fall into a shaft and drop 2 floors!
  1519 | D:2      | Found a burning altar of Makhleb.
  1530 | D:2      | Reached XP level 4. HP: 35/41 MP: 3/3
  2982 | D:3      | Found a bloodstained altar of Trog.
  3121 | D:3      | Reached XP level 5. HP: 47/47 MP: 4/4
  3285 | D:4      | Noticed Eustachio
  3316 | D:4      | HP: 2/47 [ufetubus[Eustachio] (3)]
  3316 | D:4      | Slain by an ufetubus

Illustrated notes

Levels and vault maps discovered:
D:1:      nagdon_arrival_double_spiral, layout_basic, serial_corexii_hall,
          corexii_hall_statues_s, chequers_hall_statues_wall_a
D:2:      layout_loops_ring, minmay_misc_feat_cross, minmay_strange_pillars,
          minmay_hexomino_r4, uniq_jessica
D:3:      layout_basic, trog_hazing_becter, minmay_misc_feat_diagonals,
          grunt_ministairs_11, minmay_tree_intersection, supply_closet_lemuel
D:4:      layout_gridville, temple_pool_b, uniq_eustachio, uniq_robin

Skill      XL: |  1  2  3  4 |
---------------+-------------+-----
Fighting       | 4 |  4.6
Axes           | 3 4 |  4.1
Armour         | 4 |  4.7
Shields        | 4 |  4.1
Dodging        | |  0.5

Action                   |  1- 3 |  4- 6 || total
-------------------------+-------+-------++-------
Melee: War axe           |    55 |    68 ||   123
       Headbutt          |     9 |    13 ||    22
  Use: Scroll            |     3 |     2 ||     5
Armor: Scale mail        |    23 |    13 ||    36
       Plate armour      |       |    47 ||    47
Dodge: Dodged            |    14 |    27 ||    41
Block: Kite shield       |    38 |    67 ||   105

Table legend: (Time is in decaauts)
 A = Elapsed time spent in this place.
 B = Non-inter-level travel time spent in this place.
 C = Inter-level travel time spent in this place.
 D = Time resting spent in this place.
 E = Time spent auto-exploring this place.
 F = Levels seen in this place.
 G = Mean time per level.
                   A        B        C        D        E       F      G
               +--------+--------+--------+--------+--------+-----+--------+
         Total |   3383 |   3383 |      0 |    194 |   2214 |   4 |  845.8 |
       Dungeon |   3383 |   3383 |      0 |    194 |   2214 |   4 |  845.8 |
               +--------+--------+--------+--------+--------+-----+--------+

Top non-repeatable levels by time:
     D:3: 1496 daAuts
     D:2: 960 daAuts
     D:1: 870 daAuts
     D:4: 56 daAuts
